 Dungeon Crawl Stone Soup version 0.24.0-13-gcf9b319 (webtiles) character file.

Game seed: 12544991024064122276, levelgen mode: deterministic

34 Charmandara the Stinger (level 3, -4/19 HPs)
             Began as a Kobold Wanderer on Nov 30, 2019.
             Slain by a gnoll
             ... wielding a +0 club
              (8 damage)
             ... on level 1 of the Dungeon.
             The game lasted 00:03:05 (1770 turns).

Charmandara the Stinger (Kobold Wanderer)           Turns: 1770, Time: 00:03:05

Health: -4/19      AC:  2    Str:  7    XL:     3   Next: 50%
Magic:  1/6        EV: 13    Int: 15    God:
Gold:   32         SH:  0    Dex: 15    Spells: 3/6 levels left

rFire    . . .     SeeInvis .   a - +0 dagger
rCold    . . .     Gourm    .   (shield restricted)
rNeg     . . .     Faith    .   c - +0 robe
rPois    .         Spirit   .   (no helmet)
rElec    .         Reflect  .   (no cloak)
rCorr    .         Harm     .   (no gloves)
MR       .....                  (no boots)
Stlth    +.........             (no amulet)
HPRegen  0.06/turn              (no ring)
MPRegen  0.10/turn              (no ring)

@: no status effects
A: small, carnivore
a: no special abilities


You were on level 1 of the Dungeon.
You were very full.

You visited 1 branch of the dungeon, and saw 1 of its levels.

You collected 32 gold pieces.

Inventory:

Hand Weapons
 a - a +0 dagger (weapon)
Missiles
 i - 30 stones (quivered)
Armour
 c - a +0 robe (worn)
Scrolls
 d - a scroll of fog {unknown}
 e - a scroll of fear {unknown}
 g - a scroll of remove curse {unknown}
Potions
 b - a potion of might {unknown}
 j - a potion of haste {unknown}
Comestibles
 f - a ration


   Skills:
 - Level 2.1 Throwing
 + Level 2.0 Spellcasting
 - Level 2.2 Conjurations
   Level 1.0 Hexes
 - Level 2.0 Fire Magic
   Level 4.0 Poison Magic


You had 3 spell levels left.
You knew the following spells:

 Your Spells              Type           Power        Failure   Level  Hunger
a - Flame Tongue          Conj/Fire      #....        10%         1    #......
x - Throw Flame           Conj/Fire      #.....       14%         2    ###....

Your spell library contained the following spells:

 Spells                   Type           Power        Failure   Level  Hunger
 Sandblast                Erth           #.....       22%         1    #......
 Conjure Flame            Conj/Fire      #.......     28%         3    ###....
 Inner Flame              Hex/Fire       #.......     34%         3    ###....
 Stone Arrow              Conj/Erth      #.....       38%         3    ###....
 Sticky Flame             Conj/Fire      #.......     67%         4    #####..
 Fireball                 Conj/Fire      #.........   95%         5    ######.


Dungeon Overview and Level Annotations

Branches:
Dungeon (1/15)

Altars:


Innate Abilities, Weirdness & Mutations

You are small and have problems with some larger weapons.
You are carnivorous and can eat meat at any time.


Message History

You now have 4/5 mp.
Unknown command.
Aim: an ooze You miscast Flame Tongue.
You are very lightly contaminated with residual magic.
Nothing appears to happen.
You now have 3/5 mp.
Aim: an ooze The flame tongue hits the ooze.
The ooze hits you.
You take 2 damage, and have 13/19 hp.
You now have 2/5 mp.
Unknown command.
You completely miss the ooze. The ooze closely misses you.
You hit the ooze. The ooze closely misses you.
Aim: an ooze (almost dead)
The flame tongue hits the ooze.
You kill the ooze!
You now have 1/5 mp.
Unknown command.
Things that are here:
a +0 club; a kobold corpse The kobold corpse isn't edible.
You start resting.
Your magical contamination has completely faded away.
You regained 2 mp, and now have 3/5 mp.
You start resting.
Health restored: 19; MP restored: 5
i - 17 stones (gained 14) All of the chunks of flesh in your inventory have rotted away.
You open the door.
There is an open door here.
There is an open door here.
You see here a robe.
There is an open door here.
There is an open door here.
i - 20 stones (gained 3)
You see here a +0 short sword.
i - 30 stones (gained 10)
You now have 32 gold pieces (gained 11).
You open the door. You open the door.
There is an open door here.
A hobgoblin and a kobold come into view.
There are monsters nearby!
There are monsters nearby!
A giant cockroach and a gnoll come into view.
The hobgoblin shouts!
The kobold shouts!
You can't see any susceptible monsters within range! (Use Z to cast anyway.) Unknown command.
Unknown command.
Aim: a kobold The flame tongue hits the kobold!
You kill the kobold!
You now have 4/5 mp.
Unknown command.
Aim: a hobgoblin, wielding a +0 club The flame tongue hits the hobgoblin but does no damage.
The hobgoblin hits you but does no damage.
You now have 3/5 mp.
Unknown command.
Aim: a hobgoblin, wielding a +0 club The flame tongue hits the hobgoblin.
You now have 2/5 mp.
Unknown command.
Aim: a hobgoblin, wielding a +0 club (almost dead)
The flame tongue hits the hobgoblin.
You kill the hobgoblin!
Your Spellcasting skill increases to level 2!
You now have 1/6 mp.
Unknown command.
Aim: a giant cockroach (clinging)
The flame tongue hits the giant cockroach.
The giant cockroach bites you but does no damage.
You now have 0/6 mp.
Unknown command.
You hit the giant cockroach.
You kill the giant cockroach!
The gnoll completely misses you.
You see here a +0 club.
You don't have enough magic to cast that spell.
You hit the gnoll. The gnoll hits you with a +0 club.
You take 3 damage, and have 16/19 hp.
You barely miss the gnoll. The gnoll barely misses you.
You hit the gnoll. The gnoll closely misses you.
You closely miss the gnoll. The gnoll completely misses you.
You hit the gnoll but do no damage. The gnoll hits you but does no damage.
Aim: a gnoll, wielding a +0 club (moderately wounded)
The flame tongue hits the gnoll but does no damage.
The gnoll hits you with a +0 club.
You take 6 damage, and have 10/19 hp.
MASSIVE DAMAGE!!
You now have 0/6 mp.
You closely miss the gnoll. The gnoll closely misses you.
You hit the gnoll. You barely miss the gnoll.
The gnoll hits you but does no damage.
You hit the gnoll. The gnoll hits you with a +0 club!
* * * LOW HITPOINT WARNING * * *
You take 7 damage, and have 3/19 hp.
MASSIVE DAMAGE!!
The gnoll hits you with a +0 club!
You die...

#.#..#..#..#......##
.......#..#........####
........#.........'..#
#.....#..#.......####
...#..#.......##
#.####...#.......##
#.......#..#....##
#####.g#..#..#'##
##..@)#...#.#
#....#..#.#.#
#...†......#.#
#...###..#....# #...
#..#..... #...
...##..... #..#
#...###.#.# #.. #....
...# ....#


You could see a gnoll.

Vanquished Creatures
  An ooze (D:1)
  A dart slug (D:1)
  A leopard gecko (D:1)
  A ball python (D:1)
  A bat (D:1)
  3 giant cockroaches (D:1)
  2 goblins (D:1)
  3 hobgoblins (D:1)
  3 jackals (D:1)
  4 kobolds (D:1)
  3 rats (D:1)
23 creatures vanquished.

Notes
Turn   | Place    | Note
-------+----------+-------------------------------------------
     0 | D:1      | Charmandara the Kobold Wanderer began the quest for the
                  | Orb.
     0 | D:1      | Charmandara set off with the following items: a +0 dagger,
                  | a +0 robe, a ration; and the following spells available to
                  | memorise: Flame Tongue, Sandblast, Throw Flame, Inner
                  | Flame, Conjure Flame, Stone Arrow, Sticky Flame, Fireball
     0 | D:1      | Reached XP level 1. HP: 10/10 MP: 2/2
     2 | D:1      | Learned a level 1 spell: Flame Tongue
   143 | D:1      | Reached skill level 1 in Conjurations
   155 | D:1      | HP: 1/10 [jackal (2)]
   156 | D:1      | Reached XP level 2. HP: 2/15 MP: 0/3
   790 | D:1      | Reached skill level 2 in Conjurations
  1109 | D:1      | Learned a level 2 spell: Throw Flame
  1205 | D:1      | Reached XP level 3. HP: 19/19 MP: 1/5
  1753 | D:1      | Reached skill level 2 in Spellcasting
  1766 | D:1      | HP: 3/19 [gnoll/+0 club (7)]
  1770 | D:1      | Slain by a gnoll

Levels and vault maps discovered:
D:1:      tarquinn_simple_flora_water_e, layout_loops_corners,
          minmay_misc_feat_diagonals, st_stairs_3, columned_hall_lemuel,
          roderic_roman_lattice, minmay_misc_feat_rows,
          hangedman_decor_diamond_cutter

Skill      XL: |  1  2  3 |
---------------+----------+-----
Conjurations   | 1 2 |  2.2
Spellcasting   | 2 |  2.0
Throwing       | |  2.1
Hexes          | |  1.0
Fire Magic     | |  2.0
Poison Magic   | |  4.0

Action                   || total
-------------------------++-------
Melee: Dagger            ||    61
 Cast: Flame Tongue      ||    34
  Eat: Chunk             ||    11
Armor: Robe              ||    11
Dodge: Dodged            ||    76

Levels and vault maps discovered:
D:1:      tarquinn_simple_flora_water_e, layout_loops_corners,
          minmay_misc_feat_diagonals, st_stairs_3, columned_hall_lemuel,
          roderic_roman_lattice, minmay_misc_feat_rows,
          hangedman_decor_diamond_cutter

Table legend:
 A = Turns spent in this place as a percentage of turns spent in the entire game.
 B = Non-inter-level travel turns spent in this place as a percentage of non-inter-level travel turns spent in the entire game.
 C = Inter-level travel turns spent in this place as a percentage of turns spent in this place.
 D = Turns resting spent in this place as a percentage of non-inter-level travel turns spent in this place.
 E = Turns spent auto-exploring this place as a percentage of non-inter-level travel turns spent in this place.
 F = Non-inter-level travel turns spent in this place divided by the number of levels of this place that you've seen.
                   A       B       C       D       E      F
               +-------+-------+-------+-------+-------+----------------------
         Total | 100.0 | 100.0 |   0.0 |  49.3 |  37.5 | 1770.0
       Dungeon | 100.0 | 100.0 |   0.0 |  49.3 |  37.5 | 1770.0
               +-------+-------+-------+-------+-------+----------------------

Table legend:
 A = Kills in this place as a percentage of kills in entire the game.
 B = Kills by you in this place as a percentage of kills by you in the entire game.
 C = Kills by friends in this place as a percentage of kills by friends in the entire game.
 D = Other kills in this place as a percentage of other kills in the entire game.
 E = Experience gained in this place as a percentage of experience gained in the entire game.
 F = Experience gained in this place divided by the number of levels of this place that you have seen.
                   A       B       C       D       E      F
               +-------+-------+-------+-------+-------+----------------------
         Total | 100.0 | 100.0 |   N/A |   N/A | 100.0 |  49.0
       Dungeon | 100.0 | 100.0 |   N/A |   N/A | 100.0 |  49.0
               +-------+-------+-------+-------+-------+----------------------
